 Dungeon Crawl Stone Soup version 0.29-a0-1009-g60c99734e7 (webtiles) character file.

Game seed: 10515426110790317270

759 vurker the Ruffian (level 7, -3/60 HPs)
             Began as a Ghoul Gladiator on Aug 8, 2022.
             Slain by an ogre
             ... wielding a +0 giant spiked club
              (7 damage)
             ... on level 5 of the Dungeon.
             The game lasted 00:06:41 (4710 turns).

vurker the Ruffian (Ghoul Gladiator)                Turns: 4710, Time: 00:06:42

Health: -3/60      AC: 12    Str: 20    XL:     7   Next: 80%
Magic:  6/6        EV:  8    Int:  9    God:
Gold:   147        SH:  0    Dex: 10    Spells: 6/6 levels left

rFire   . . .      SeeInvis .     - Unarmed
rCold   + . .      Faith    .   (no shield)
rNeg    + + +      Spirit   .   m - +0 chain mail
rPois   ∞          Reflect  .   A - +1 helmet
rElec   .          Harm     .   z - +0 cloak
rCorr   .          Rampage  .   (no gloves)
Will    .....                   (no boots)
Stlth   ..........              (no amulet)
HPRegen 0.00/turn               s - +6 ring of intelligence
MPRegen 0.10/turn               (no ring)

@: inhibited regen
A: claws 1, cold resistance 1, negative energy resistance 3, inhibited
regeneration, torment resistance 2, devour on kill
a: no special abilities


You were on level 5 of the Dungeon.
You visited 1 branch of the dungeon, and saw 5 of its levels.

You collected 147 gold pieces.

Inventory:

Missiles
 c - 3 throwing nets (quivered)
 d - a javelin
Armour
 m - a +0 chain mail (worn)
   (You found it on level 2 of the Dungeon)
 z - a +0 cloak (worn)
   (You took it off Crazy Yiuf on level 4 of the Dungeon)
 A - a +1 helmet (worn)
Jewellery
 s - a +6 ring of intelligence (left claw)
   (You found it on level 3 of the Dungeon)
Wands
 o - a wand of charming (14)
   (You found it on level 2 of the Dungeon)
 v - a wand of mindburst (19)
   (You took it off an orc on level 3 of the Dungeon)
Scrolls
 f - a scroll of identify
 i - a scroll of teleportation
 k - 2 scrolls of poison
 r - a scroll of enchant armour
Potions
 a - a potion of attraction {unknown}
 b - a potion of flight {unknown}
 e - 2 potions of haste
 g - 2 potions of heal wounds
 h - a potion of ambrosia {unknown}
 l - 2 potions of curing
 n - 4 potions of resistance
 q - a potion of lignification {unknown}
 t - a potion of magic {unknown}
 w - a potion of brilliance {unknown}
 x - a potion of degeneration {unknown}


   Skills:
 + Level 4.6 Fighting
 - Level 1.7 Throwing
 + Level 3.1 Armour
 + Level 4.3 Dodging
 * Level 6.7 Unarmed Combat


You had 6 spell levels left.
You didn't know any spells.
Your spell library contained the following spells:

 Spells                   Type           Power      Damage    Failure   Level
 Gell's Gravitas          Tloc           0%         N/A       100%        3
 Teleport Other           Tloc           0%         N/A       100%        3
 Dispersal                Tloc           0%         N/A       100%        6


Dungeon Overview and Level Annotations

Branches:
Dungeon (5/15)
 Temple: D:4-7

Altars:
Ashenzari


Innate Abilities, Weirdness & Mutations

You are immune to poison.
You have sharp fingernails.
Your flesh is cold resistant. (rC+)
You are immune to negative energy. (rN+++)
You do not regenerate when monsters are visible.
You are immune to unholy pain and torment.
You thrive by killing the living.


Message History

Found a stone staircase leading up.
There is a stone staircase leading up here.
Found a shortbow.
You see here a +0 shortbow.
You see here a +0 shortbow.
Found a potion of curing.
A steam dragon comes into view.
You see here a potion of curing.
A steam dragon is nearby!
A steam dragon is nearby!
A steam dragon is nearby!
Found a club.
The steam dragon hisses angrily.
You barely miss the steam dragon. The steam dragon completely misses you.
The steam dragon claws you but does no damage.
You claw the steam dragon!
The steam dragon bites you but does no damage.
The steam dragon barely misses you.
You scratch the steam dragon but do no damage.
The steam dragon breathes steam at you. The ball of steam hits you!
You hear a shout!
You closely miss the steam dragon.
You are engulfed in a cloud of scalding steam.
The steam dragon bites you but does no damage.
The steam dragon claws you but does no damage.
You claw the steam dragon!
You are engulfed in a cloud of scalding steam.
The steam dragon bites you but does no damage.
The steam dragon claws you but does no damage.
You barely miss the steam dragon. You claw the steam dragon!
The steam dragon bites you. The steam dragon closely misses you.
You barely miss the steam dragon. The steam dragon bites you!
The steam dragon closely misses you.
An ogre comes into view. It is wielding a +0 giant spiked club.
You scratch the steam dragon. You claw the steam dragon.
You kill the steam dragon!
The steam dragon scales are intact enough to wear.
Your Armour skill increases to level 3!
You completely miss the ogre.
The ogre hits you with a +0 giant spiked club!!
* * * LOW HITPOINT WARNING * * *
You closely miss the ogre. You barely miss the ogre.
The ogre hits you with a +0 giant spiked club.
* * * LOW HITPOINT WARNING * * *
You barely miss the ogre.
The ogre hits you with a +0 giant spiked club!
You die...

#.........# #.#######.#
#.# #.# #######!# #.#
##### #...)...# #.#
......##.####### #.###
#..†.#.!...# #.).#
###..###.###.#########.#
...>..O@................
.?....##.#.###############
###......#[# #.#.####.#
..# ... .. ... .)..# .....
......


You could see an ogre.

Vanquished Creatures
  A steam dragon (D:5)
  An ice beast (D:5)
  Blork the orc (D:4)
  A necrophage (D:4)
  A scorpion (D:4)
  Crazy Yiuf (D:4)
  An orc priest (D:5)
  A hound (D:5)
  An iguana (D:5)
  An orc wizard (D:5)
  A gnoll (D:1)
  7 adders
  A white imp (D:4)
  4 worms
  3 dart slugs
  11 orcs
  9 ball pythons
  3 endoplasms
  2 giant cockroaches
  5 goblins
  6 hobgoblins
  8 jackals
  8 kobolds
  6 quokkas
  9 bats
  3 frilled lizards
  9 rats
105 creatures vanquished.

Notes
Turn   | Place    | Note
-------+----------+-------------------------------------------
     0 | D:1      | vurker the Ghoul Gladiator began the quest for the Orb.
     0 | D:1      | Reached XP level 1. HP: 17/17 MP: 0/0
   125 | D:1      | Reached XP level 2. HP: 25/25 MP: 1/1
   310 | D:1      | Reached XP level 3. HP: 30/30 MP: 2/2
   616 | D:1      | Reached skill level 1 in Armour
   616 | D:1      | Reached skill level 4 in Unarmed Combat
  1319 | D:2      | Reached XP level 4. HP: 37/37 MP: 3/3
  1421 | D:2      | Found a faded altar of an unknown god.
  2589 | D:3      | Reached XP level 5. HP: 39/45 MP: 4/4
  3121 | D:4      | Identified the +0 trident of Breach {vamp, Fly rElec Int+2
                  | SInv}
  3193 | D:4      | Found a runed translucent door.
  3194 | D:4      | Noticed Crazy Yiuf
  3320 | D:4      | Identified the +7 war axe of Neurosis {drain, rC+ rN+
                  | Dex+3}
  3412 | D:4      | Noticed Blork the orc
  3425 | D:4      | Killed Blork the orc
  3426 | D:4      | Reached skill level 5 in Unarmed Combat
  3778 | D:4      | Reached XP level 6. HP: 38/52 MP: 5/5
  4145 | D:4      | Killed Crazy Yiuf
  4268 | D:5      | Entered Level 5 of the Dungeon
  4326 | D:5      | Reached XP level 7. HP: 57/59 MP: 6/6
  4438 | D:5      | Found a broken altar of Ashenzari.
  4446 | D:5      | Reached skill level 6 in Unarmed Combat
  4693 | D:5      | Noticed a steam dragon
  4705 | D:5      | Killed a steam dragon
  4710 | D:5      | Slain by an ogre

Illustrated notes

Levels and vault maps discovered:
D:1:      tarquinn_simple_flora_water_c, layout_basic
D:2:      layout_rooms, shapermc_ecumenical_altar_starsandcircs
D:3:      minmay_spotlight, layout_loops_ring, kennysheep_doodads,
          hangedman_abyss_or_decor_stabs
D:4:      layout_basic, nicolae_wormholes, uniq_crazy_yiuf_cottage,
          uniq_blork_the_orc
D:5:      layout_basic, ashenzari_conservatory_becter,
          minmay_temple_entry_wispy, gammafunk_ghost_split

Skill      XL: |  1  2  3  4  5  6  7 |
---------------+----------------------+-----
Armour         | 1 2 3 |  3.1
Dodging        | 3 4 |  4.3
Unarmed Combat | 4 5 6 |  6.7
Fighting       | 3 4 |  4.6
Throwing       | |  1.7

Action                   |  1- 3 |  4- 6 |  7- 9 || total
-------------------------+-------+-------+-------++-------
Melee: Unarmed           |   110 |   216 |    65 ||   391
       Punch             |     2 |     5 |     2 ||     9
  Use: Scroll            |       |     7 |     4 ||    11
       Potion            |       |       |     2 ||     2
Armor: Leather armour    |    31 |       |       ||    31
       Chain mail        |    12 |   102 |    60 ||   174
Dodge: Dodged            |    66 |    86 |    20 ||   172

Table legend: (Time is in decaauts)
 A = Elapsed time spent in this place.
 B = Non-inter-level travel time spent in this place.
 C = Inter-level travel time spent in this place.
 D = Time resting spent in this place.
 E = Time spent auto-exploring this place.
 F = Levels seen in this place.
 G = Mean time per level.
                   A        B        C        D        E       F      G
               +--------+--------+--------+--------+--------+-----+--------+
         Total |   4683 |   4524 |    159 |      0 |   3704 |   5 |  936.6 |
       Dungeon |   4683 |   4524 |    159 |      0 |   3704 |   5 |  936.6 |
               +--------+--------+--------+--------+--------+-----+--------+

Top non-repeatable levels by time:
     D:3: 1198 daAuts
     D:1: 1153 daAuts
     D:4: 1072 daAuts
     D:2: 826 daAuts
     D:5: 432 daAuts
